 Dungeon Crawl Stone Soup version 0.22.0 (webtiles) character file.

34 Silim the Vexing (level 3, -1/25 HPs)
             Began as a Vampire Enchanter on Aug 11, 2018.
             Slain by an orc wizard
             ... wielding a +0 dagger
              (5 damage)
             ... on level 1 of the Dungeon.
             The game lasted 00:10:04 (1576 turns).

Silim the Vexing (Vampire Enchanter)                Turns: 1576, Time: 00:10:05

Health: -1/25      AC:  3    Str:  7    XL:     3   Next: 14%
Magic:  1/6        EV: 12    Int: 18    God:
Gold:   44         SH:  0    Dex: 14    Spells: 3/6 levels left

rFire    . . .     SeeInvis +   a - +1 dagger
rCold    + . .     Gourm    .   (no shield)
rNeg     + + .     Faith    .   b - +0 robe
rPois    +         Spirit   .   f - +0 helmet
rElec    .         Reflect  .   (no cloak)
rCorr    .         Harm     .   (no gloves)
MR       .....                  (no boots)
Stlth    ++++......             (no amulet)
HPRegen  0.04/turn              (no ring)
MPRegen  0.10/turn              (no ring)

@: regenerating slowly
A: fangs 3, see invisible, unbreathing
a: Bat Form


You were on level 1 of the Dungeon.
You were thirsty.

You visited 1 branch of the dungeon, and saw 2 of its levels.

You collected 44 gold pieces.

Inventory:

Hand Weapons
 a - a +1 dagger (weapon)
Missiles
 g - 14 poisoned needles (quivered)
Armour
 b - a +0 robe (worn)
 f - a +0 helmet (worn)
Jewellery
 e - an uncursed ring of magical power {unknown}
Scrolls
 c - 3 scrolls of identify {unknown}
Potions
 d - 13 potions of blood
 h - a potion of curing {unknown}
 i - a potion of heal wounds {unknown}


   Skills:
 + Level 0.8 Fighting
 + Level 1.8 Short Blades
 - Level 2.1 Dodging
 + Level 4.8 Stealth
 + Level 2.1 Spellcasting
 * Level 5.1 Hexes


You had 3 spell levels left.
You knew the following spells:

 Your Spells              Type           Power        Failure   Level  Hunger
a - Corona                Hex            ###....      2%          1    #......
b - Ensorcelled Hibernat  Hex/Ice        ##....       10%         2    ###....

Your spell library contained the following spells:

 Spells                   Type           Power        Failure   Level  Hunger
 Confuse                  Hex            ###.....     6%          3    ###....
 Tukima's Dance           Hex            ###.....     6%          3    ###....
 Dazzling Spray           Conj/Hex       ##....       19%         3    ###....


Dungeon Overview and Level Annotations

Branches:
Dungeon (2/15)

Altars:


Innate Abilities, Weirdness & Mutations

You heal slowly.
You have razor-sharp teeth.
You have supernaturally acute eyesight. (SInv)
You can survive without breathing.


Message History

You hit the orc wizard.
The orc wizard is moderately wounded.
The orc wizard closely misses you.
You hit the orc wizard.
The orc wizard is moderately wounded.
The orc wizard hits you with a dagger.
* * * LOW HITPOINT WARNING * * *
The orc wizard hits you but does no damage.
You hit the orc wizard.
The orc wizard is heavily wounded.
The orc wizard hits you but does no damage.
You hit the orc wizard.
The orc wizard is severely wounded.
The orc wizard hits you but does no damage.
The orc wizard hits you with a dagger.
* * * LOW HITPOINT WARNING * * *
You hit the orc wizard.
The orc wizard is severely wounded.
The orc wizard stops glowing.
The orc wizard hits you with a dagger.
You die...

.#......#........## #.####.#
.'......#.........# #.#....#
.#................# #.#.####
.##......###......# #.#.#
###.........#..#### #.#.#
#.....#......#########.#.#
#######.#................#.#
....###.#.....#..###...(...#
........+.......@#......#########
....###.#...####o#.#..#.#P♣P..≈≈≈
....###.#...#....#.#....##....≈≈≈
......).#+#........#....##.....≈≈
####...............#....'...♣..≈≈
+..................####.'......≈≈
####....................'.....≈≈≈
# #................######...[≈≈≈
# ########.........# ##.....≈≈


You could see an orc wizard.

Vanquished Creatures
  A dart slug (D:1)
  2 leopard geckos (D:1)
  An orc (D:2)
  5 giant cockroaches (D:1)
  2 goblins (D:1)
  A hobgoblin (D:1)
  A ball python (D:1)
  6 bats (D:1)
  3 frilled lizards (D:1)
  8 rats
  A plant (D:1)
31 creatures vanquished.

Notes
Turn   | Place    | Note
-------+----------+-------------------------------------------
     0 | D:1      | Silim the Vampire Enchanter began the quest for the Orb.
     0 | D:1      | Reached XP level 1. HP: 13/13 MP: 3/3
   407 | D:1      | Reached XP level 2. HP: 18/20 MP: 1/5
   758 | D:1      | Reached skill level 5 in Hexes
   797 | D:1      | Learned a level 2 spell: Ensorcelled Hibernation
   983 | D:1      | Reached XP level 3. HP: 25/25 MP: 6/6
  1576 | D:1      | Slain by an orc wizard

Skill      XL: |  1  2 |
---------------+-------+-----
Hexes          | 5 |  5.1
Fighting       | |  0.8
Short Blades   | |  1.8
Dodging        | |  2.1
Stealth        | |  4.8
Spellcasting   | |  2.1

Action                   || total
-------------------------++-------
Melee: Dagger            ||   175
       Bite              ||    21
 Cast: Corona            ||    12
       Ensorcelled Hiber ||    10
 Abil: End Transformatio ||     1
       Bat Form          ||     1
  Use: Potion            ||     1
 Stab: Sleeping          ||    18
Armor: Robe              ||    19
Dodge: Dodged            ||    36
